Griffins vs Firebirds

Created - February 24, 2025 at 19:00

Goals
1 2 3 OT1 T
Griffins 3 2 1 0 6
Firebirds 3 0 3 1 7
Shots
1 2 3 OT1 T
Griffins 12 15 9 0 36
Firebirds 10 11 12 1 34

1st period

1. Griffins , Christoffer Ehn 21 (Ian McCoshen 24, Robert Thomas 50) at 4:04
2. Firebirds , Eric Robinson 19 (Pierre-Luc Dubois 24) at 4:08
3. Griffins , Dominic Turgeon 17 (Nathan Walker 41) at 9:16
4. Firebirds , Thomas Spelling 23 (Hayden Hodgson 25, Tanner Richard 4) at 10:27
5. Firebirds , Thomas Spelling 24 (Tanner Richard 5) at 14:18 (PP)
6. Griffins , Christoffer Ehn 22 (Sonny Milano 44, Ryan Pulock 19) at 19:39

Penalties :
Viktor Lodin (Gra) for Tripping (Minor) at 14:16, Ian McCoshen (Gra) for Delaying the game (Minor) at 14:40

2nd period

7. Griffins , Brendan Leipsic 7 (Dominic Turgeon 24, Nathan Walker 42) at 2:28
8. Griffins , Nathan Walker 27 (Dominic Turgeon 25, Sebastian Ahaut 9) at 11:39

Penalties :
Samuel Poulin (Gra) for Diving (Minor) at 19:37

3rd period

9. Firebirds , Thomas Spelling 25 (Charlie McAvoy 10, Tanner Richard 6) at 0:14 (PP)
10. Griffins , Dominic Turgeon 18 (Ian McCoshen 25, Nathan Walker 43) at 2:01
11. Firebirds , Hayden Hodgson 19 (Jakub Zboril 22, Thomas Spelling 25) at 6:24
12. Firebirds , Tanner Richard 3 (Hayden Hodgson 26, Thomas Spelling 26) at 7:56 (PP)

Penalties :
Morgan Barron (Gra) for High sticking (Minor) at 7:42, Jasper Weatherby (Coa) for Cross-checking (Minor) at 10:20, Brendan Leipsic (Gra) for Holding (Minor) at 14:48, Brendan Leipsic (Gra) for Slashing (Minor) at 18:43

Overtime #1

13. Firebirds , Hayden Hodgson 20 (Pierre-Luc Dubois 25, Victor Mete 27) at 0:16 (PP)

Penalties :
No Penalty

Goalie Stats

Adam Werner (Gra), 27 saves from 34 shots - (0.794), OTL, 11-7-1, 60:16 minutes
Cayden Primeau (Coa), 30 saves from 36 shots - (0.833), W, 19-16-4, 60:16 minutes

Players Stats for Griffins

Player Name              G  A  P  +/- PIM S  H  SB GA TA FO     MP     PP MP  PK MP  
------------------------------------------------------------------------------------
Brendan Leipsic          1  0  1   3  4   1  0  0  0  0  0/0    16:00   0:53   0:40 
Brycen Martin            0  0  0   0  0   0  0  0  0  0  0/0     5:24   0:00   0:07 
Christoffer Ehn          2  0  2   1  0   3  3  1  1  0  13/23  19:26   1:04   1:43 
Connor McMichael         0  0  0  -1  0   0  1  0  0  0  1/4    12:24   0:00   0:00 
Dominic Turgeon          2  2  4   3  0   4  1  0  1  0  10/20  17:27   0:00   4:07 
Ian McCoshen             0  2  2   3  2   2  1  2  1  1  0/0    23:16   0:53   1:14 
Mathieu Brodeur          0  0  0   1  0   0  2  3  1  4  0/0    19:42   0:00   4:10 
Morgan Barron            0  0  0  -1  2   2  1  0  0  0  1/1    13:53   1:04   0:51 
Morgan Geekie            0  0  0  -1  0   3  0  1  1  0  0/0    17:14   1:04   3:51 
Nathan Walker            1  3  4   3  0   2  2  0  2  0  1/1    15:07   0:55   0:00 
Nils Hoglander           0  0  0   0  0   3  0  0  1  0  0/1     8:58   0:00   0:00 
Philip Broberg           0  0  0  -1  0   3  0  1  0  0  0/0    10:19   0:00   0:00 
Robert Thomas            0  1  1   1  0   4  2  0  2  0  3/5    18:10   0:55   0:00 
Ryan Pulock              0  1  1   3  0   0  0  2  0  1  0/0    25:44   1:06   4:10 
Samuel Poulin            0  0  0   0  2   0  1  0  0  0  0/1    10:01   0:00   1:18 
Sebastian Ahaut          0  1  1   1  0   0  1  2  1  0  0/0    17:49   1:06   0:52 
Sonny Milano             0  1  1   1  0   6  0  0  1  1  0/1    18:10   0:55   0:00 
Tyler Lewington          0  0  0  -1  0   2  0  0  0  0  0/0    16:48   0:00   2:13 
Viktor Lodin             0  0  0   0  2   1  0  1  1  0  2/3     8:43   0:00   0:00 

Players Stats for Firebirds

Player Name              G  A  P  +/- PIM S  H  SB GA TA FO     MP     PP MP  PK MP  
------------------------------------------------------------------------------------
Charlie McAvoy           0  1  1  -3  0   5  2  3  0  5  0/0    27:25   3:52   1:28 
Eric Robinson            1  0  1  -2  0   2  2  0  2  0  0/0    16:49   2:21   0:40 
Fredrik Olofsson         0  0  0   0  0   2  0  0  1  0  0/0    13:50   0:15   0:00 
Garret Pilon             0  0  0   0  0   3  0  0  0  2  3/7    14:23   0:00   0:40 
Hayden Hodgson           2  2  4  -1  0   3  6  0  0  0  1/3    22:10   3:40   1:19 
Jacob Middleton          0  0  0  -1  0   1  0  1  0  0  0/0    17:37   2:15   0:31 
Jakub Zboril             0  1  1   1  0   0  3  1  0  3  0/0    22:09   0:00   0:00 
Jasper Weatherby         0  0  0  -1  2   1  1  0  0  0  0/2     9:03   0:00   0:00 
John Ludvig              0  0  0   1  0   0  0  1  0  1  0/0     5:14   0:00   0:00 
Jonah Gadjovich          0  0  0   0  0   2  0  0  0  0  0/0     7:47   0:03   0:00 
Maksim Sushko            0  0  0   0  0   0  0  0  0  0  0/0    13:30   0:09   0:00 
Matej Blumel             0  0  0   0  0   0  1  0  0  0  0/0     7:44   0:00   0:00 
Matthew Kiersted         0  0  0   1  0   2  0  1  0  0  0/0    19:47   2:15   0:31 
Pierre-Luc Dubois        0  2  2  -2  0   3  3  0  1  0  8/19   16:50   2:18   1:19 
Tanner Richard           1  3  4  -1  0   5  2  0  1  0  16/28  20:32   3:37   0:00 
Thomas Spelling          3  2  5  -1  0   4  2  1  2  0  1/1    20:52   3:40   0:00 
Victor Mete              0  1  1  -4  0   0  1  0  0  2  0/0    28:08   3:52   1:28 
Wade Allison             0  0  0  -2  0   1  0  0  0  0  0/0    15:14   2:18   0:00 

3 Stars

1 - Thomas Spelling (Coa)
2 - Dominic Turgeon (Gra)
3 - Hayden Hodgson (Coa)

Power Play

Griffins - 0 on 1 Attempt(s) - 0.00%
Firebirds - 4 on 6 Attempt(s) - 66.67%

Penalty Kill

Griffins - 2 on 6 Attempt(s) - 33.33% - Score 0 goal in Penalty Kill
Firebirds - 1 on 1 Attempt(s) - 100.00% - Score 0 goal in Penalty Kill

Team Stat

Griffins - Hits : 15 - Faceoff Wins : 31 - Blocked Shots : 13 - Penalty Minutes : 12
Firebirds - Hits : 23 - Faceoff Wins : 29 - Blocked Shots : 8 - Penalty Minutes : 2

Official

Referees : Reid Anderson and Garrett Rank
Linesman : Devin Berg and Michel Cormier

Game Notes

John Ludvig is injured at 19:33 of 1st period (Torso)
Thomas Spelling has scored a Hat Trick!
10:54 of 3rd period - Griffins goal is going for a video replay. After video review, No Goal. The attacking player has interfered with a goalkeeper in his goal crease.

Finance

Level 1 -- Attendance: 1781 (89.05%) -- Ticket Income $124,670
Level 2 -- Attendance: 951 (95.10%) -- Ticket Income $38,040
Total Attendance: 2732 (91.07%)
Total Ticket Income: $162,710
Other Income: $8,136
Total Income: $170,846

Griffins

5 vs 5 Forward 
   Center                   Left Wing                Right Wing               Time % Phy DF OF 
 1 Christoffer Ehn          Sonny Milano             Robert Thomas            40     1   2  2  
 2 Dominic Turgeon          Nathan Walker            Brendan Leipsic          30     1   2  2  
 3 Connor McMichael         Morgan Barron            Morgan Geekie            20     1   2  2  
 4 Viktor Lodin             Nils Hoglander           Samuel Poulin            10     1   2  2  

5 vs 5 Defense 
   Defense                  Defense                                           Time % Phy DF OF 
 1 Ian McCoshen             Ryan Pulock                                       40     1   2  2  
 2 Mathieu Brodeur          Sebastian Ahaut                                   30     1   2  2  
 3 Philip Broberg           Tyler Lewington                                   20     1   2  2  
 4 Brycen Martin            Tyler Lewington                                   10     1   2  2  

PowerPlay Forward 
   Center                   Left Wing                Right Wing               Time % Phy DF OF 
 1 Robert Thomas            Sonny Milano             Nathan Walker            60     1   2  2  
 2 Christoffer Ehn          Morgan Barron            Morgan Geekie            40     1   2  2  

PowerPlay Defense
   Defense                  Defense                                           Time % Phy DF OF 
 1 Sebastian Ahaut          Ryan Pulock                                       60     1   2  2  
 2 Ian McCoshen             Brendan Leipsic                                   40     1   2  2  

Penalty Kill 4 Players Forward 
   Center                   Wing                     Time % Phy DF OF 
 1 Dominic Turgeon          Morgan Geekie            60     1   2  2  
 2 Christoffer Ehn          Brendan Leipsic          40     1   2  2  

Penalty Kill 4 Players Defense
   Defense                  Defense                  Time % Phy DF OF 
 1 Mathieu Brodeur          Ryan Pulock              60     1   2  2  
 2 Tyler Lewington          Ian McCoshen             40     1   2  2  

Penalty Kill - 3 Players Forward 
   Forward                                           Time % Phy DF OF 
 1 Dominic Turgeon                                   60     1   2  2  
 2 Christoffer Ehn                                   40     1   2  2  

Penalty Kill - 3 Players Defense
   Defense                  Defense                  Time % Phy DF OF 
 1 Mathieu Brodeur          Ryan Pulock              60     1   2  2  
 2 Sebastian Ahaut          Tyler Lewington          40     1   2  2  

4 vs 4 Forward 
   Center                   Wing                     Time % Phy DF OF 
 1 Robert Thomas            Sonny Milano             60     1   2  2  
 2 Christoffer Ehn          Nathan Walker            40     1   2  2  

4 vs 4 Defense
   Defense                  Defense                  Time % Phy DF OF 
 1 Ian McCoshen             Mathieu Brodeur          60     1   2  2  
 2 Sebastian Ahaut          Ryan Pulock              40     1   2  2  

Last Minutes Offensive
   Center                   Left Wing                Right Wing               Defense                  Defense                  
   Robert Thomas            Sonny Milano             Nathan Walker            Ian McCoshen             Ryan Pulock              

Last Minutes Defensive
   Center                   Left Wing                Right Wing               Defense                  Defense                  
   Dominic Turgeon          Christoffer Ehn          Nathan Walker            Ian McCoshen             Mathieu Brodeur          

Goaltenders
Starting : Adam Werner              
Backup : Marcus Hogberg           

Extra Forwards
Normal : Morgan Geekie, Connor McMichael, Nils Hoglander - PP : Morgan Geekie, Dominic Turgeon - PK : Samuel Poulin
Extra Defensemen
Normal : Ryan Pulock, Sebastian Ahaut, Tyler Lewington - PP : Philip Broberg - PK : Sebastian Ahaut, Brycen Martin
Penalty Shots
Sonny Milano, Nathan Walker, Robert Thomas, Morgan Geekie, Christoffer Ehn
Custom OT Lines Forwards
Sonny Milano, Christoffer Ehn, Robert Thomas, Nathan Walker, Morgan Geekie, Dominic Turgeon, Morgan Barron, Connor McMichael, Nils Hoglander, Brendan Leipsic
Custom OT Lines Defensemen
Ian McCoshen, Mathieu Brodeur, Ryan Pulock, Sebastian Ahaut, Philip Broberg

Scratches
Jack Studnicka (Broken Ribs Injury), Scott Reedy (Healthy), Jack Ramsey (Healthy), Joonas Lyytinen (Healthy), Michael Bunting (Healthy)
Conor Timmins (Healthy), Calvin Thurkauf (Healthy), Oskar Steen (Healthy), Nick Swaney (Healthy), Dominik Bokk (Healthy)
Vladislav Kolyachonok (Healthy), Philippe Desrosiers (Healthy)

Firebirds

5 vs 5 Forward 
   Center                   Left Wing                Right Wing               Time % Phy DF OF 
 1 Tanner Richard           Hayden Hodgson           Thomas Spelling          40     0   2  3  
 2 Pierre-Luc Dubois        Eric Robinson            Wade Allison             30     0   2  3  
 3 Garret Pilon             Fredrik Olofsson         Maksim Sushko            20     1   2  2  
 4 Jasper Weatherby         Jonah Gadjovich          Matej Blumel             10     1   2  2  

5 vs 5 Defense 
   Defense                  Defense                                           Time % Phy DF OF 
 1 Charlie McAvoy           Victor Mete                                       40     1   3  1  
 2 Matthew Kiersted         Jakub Zboril                                      30     1   3  1  
 3 Jacob Middleton          John Ludvig                                       25     1   3  1  
 4 Charlie McAvoy           Victor Mete                                       5      1   3  1  

PowerPlay Forward 
   Center                   Left Wing                Right Wing               Time % Phy DF OF 
 1 Tanner Richard           Hayden Hodgson           Thomas Spelling          60     0   1  4  
 2 Pierre-Luc Dubois        Eric Robinson            Wade Allison             40     0   1  4  

PowerPlay Defense
   Defense                  Defense                                           Time % Phy DF OF 
 1 Charlie McAvoy           Victor Mete                                       60     0   1  4  
 2 Matthew Kiersted         Jacob Middleton                                   40     0   1  4  

Penalty Kill 4 Players Forward 
   Center                   Wing                     Time % Phy DF OF 
 1 Pierre-Luc Dubois        Hayden Hodgson           55     1   4  0  
 2 Garret Pilon             Eric Robinson            45     1   4  0  

Penalty Kill 4 Players Defense
   Defense                  Defense                  Time % Phy DF OF 
 1 Charlie McAvoy           Victor Mete              55     1   4  0  
 2 Matthew Kiersted         Jacob Middleton          45     1   4  0  

Penalty Kill - 3 Players Forward 
   Forward                                           Time % Phy DF OF 
 1 Pierre-Luc Dubois                                 55     1   4  0  
 2 Garret Pilon                                      45     1   4  0  

Penalty Kill - 3 Players Defense
   Defense                  Defense                  Time % Phy DF OF 
 1 Charlie McAvoy           Victor Mete              55     1   4  0  
 2 Matthew Kiersted         Jacob Middleton          45     1   4  0  

4 vs 4 Forward 
   Center                   Wing                     Time % Phy DF OF 
 1 Pierre-Luc Dubois        Hayden Hodgson           50     1   2  2  
 2 Garret Pilon             Eric Robinson            50     1   2  2  

4 vs 4 Defense
   Defense                  Defense                  Time % Phy DF OF 
 1 Charlie McAvoy           Victor Mete              50     1   2  2  
 2 Matthew Kiersted         Jacob Middleton          50     1   2  2  

Last Minutes Offensive
   Center                   Left Wing                Right Wing               Defense                  Defense                  
   Tanner Richard           Eric Robinson            Thomas Spelling          Charlie McAvoy           Jakub Zboril             

Last Minutes Defensive
   Center                   Left Wing                Right Wing               Defense                  Defense                  
   Pierre-Luc Dubois        Hayden Hodgson           Thomas Spelling          Matthew Kiersted         John Ludvig              

Goaltenders
Starting : Cayden Primeau           
Backup : Jakub Skarek             

Extra Forwards
Normal : Fredrik Olofsson, Wade Allison, Garret Pilon - PP : Fredrik Olofsson, Wade Allison - PK : Fredrik Olofsson
Extra Defensemen
Normal : Jakub Zboril, John Ludvig, Victor Mete - PP : Jacob Middleton - PK : Jacob Middleton, Matthew Kiersted
Penalty Shots
Hayden Hodgson, Thomas Spelling, Pierre-Luc Dubois, Eric Robinson, Fredrik Olofsson
Custom OT Lines Forwards
Hayden Hodgson, Thomas Spelling, Pierre-Luc Dubois, Eric Robinson, Fredrik Olofsson, Wade Allison, Garret Pilon, Jonah Gadjovich, Jasper Weatherby, Tanner Richard
Custom OT Lines Defensemen
Charlie McAvoy, Victor Mete, Matthew Kiersted, Jacob Middleton, Jakub Zboril

Scratches
Sasha Chmelevski (Healthy), Jacob Olofsson (Healthy), Kyle Capobianco (Healthy), Parker Kelly (Healthy), Dylan Coghlan (Healthy)
Artur Kayumov (Healthy), Stelio Mattheos (Healthy), Nikita Alexandrov (Healthy), Valentin Nussbaumer (Healthy), Maxence Guenette (Healthy)
Bobby Brink (Healthy), Ian Scott (Healthy)

% Time on Ice - Griffins

Lines # - Real PCT - Wanted PCT - Time Play
Normal Forward
1 - 34% - 40% - 17:35
2 - 26% - 30% - 13:36
3 - 23% - 20% - 11:59
4 - 17% - 10% - 8:44
Normal Defense
1 - 39% - 40% - 19:59
2 - 32% - 30% - 16:43
3 - 20% - 20% - 10:19
4 - 9% - 10% - 4:53
PP Forward
1 - 46% - 60% - 0:55
2 - 54% - 40% - 1:04
PP Defense
1 - 55% - 60% - 1:06
2 - 45% - 40% - 0:53
PK Forward
1 - 77% - 60% - 4:42
2 - 23% - 40% - 1:25
PK Defense
1 - 64% - 60% - 3:54
2 - 36% - 40% - 2:13
PK3 Forward
1 - 100% - 60% - 0:16
2 - 0% - 40% - 0:00
PK3 Defense
1 - 100% - 60% - 0:16
2 - 0% - 40% - 0:00
44 Forward
1 - 0% - 60%
2 - 0% - 40%
44 Defense
1 - 0% - 60%
2 - 0% - 40%
Last Minute Offensive  - 0:00
Last Minute Defensive  - 0:00
Total
Forward - 60:16
Defense - 60:16

% Time on Ice - Firebirds

Lines # - Real PCT - Wanted PCT - Time Play
Normal Forward
1 - 33% - 40% - 16:55
2 - 28% - 30% - 14:22
3 - 25% - 20% - 12:53
4 - 15% - 10% - 7:44
Normal Defense
1 - 38% - 40% - 19:52
2 - 30% - 30% - 15:26
3 - 29% - 25% - 14:57
4 - 3% - 5% - 1:39
PP Forward
1 - 62% - 60% - 3:46
2 - 38% - 40% - 2:21
PP Defense
1 - 63% - 60% - 3:52
2 - 37% - 40% - 2:15
PK Forward
1 - 66% - 55% - 1:19
2 - 34% - 45% - 0:40
PK Defense
1 - 74% - 55% - 1:28
2 - 26% - 45% - 0:31
PK3 Forward
1 - 0% - 55%
2 - 0% - 45%
PK3 Defense
1 - 0% - 55%
2 - 0% - 45%
44 Forward
1 - 100% - 50% - 0:16
2 - 0% - 50% - 0:00
44 Defense
1 - 100% - 50% - 0:16
2 - 0% - 50% - 0:00
Last Minute Offensive  - 0:00
Last Minute Defensive  - 0:00
Total
Forward - 60:16
Defense - 60:16

Play-by-Play

1st period


0:01 of 1st period - Christoffer Ehn wins face-off versus Hayden Hodgson in neutral zone.
0:51 of 1st period - Ryan Pulock is hit by Jakub Zboril.
1:11 of 1st period - Slapshot by Viktor Lodin.
1:11 of 1st period - Shot Misses the Net.
2:14 of 1st period - Slapshot by Pierre-Luc Dubois.
2:14 of 1st period - Shot Misses the Net.
2:30 of 1st period - Wrist shot by Jonah Gadjovich.
2:30 of 1st period - Shot Misses the Net.
2:48 of 1st period - Hayden Hodgson is hit by Robert Thomas and loses puck.
3:11 of 1st period - John Ludvig is hit by Christoffer Ehn and loses puck.
3:18 of 1st period - Hayden Hodgson is hit by Robert Thomas and loses puck.
3:58 of 1st period - Wrist shot by Robert Thomas.
3:58 of 1st period - Stopped by Cayden Primeau with a rebound.
4:00 of 1st period - Wrist shot by Robert Thomas.
4:00 of 1st period - Shot Misses the Net.
4:02 of 1st period - Slapshot by Ian McCoshen.
4:02 of 1st period - Shot Misses the Net.
4:04 of 1st period - Wrist shot by Christoffer Ehn.
4:04 of 1st period - Goal by Christoffer Ehn - Griffins : 1 - Firebirds : 0.
4:05 of 1st period - Pierre-Luc Dubois wins face-off versus Dominic Turgeon in neutral zone.
4:08 of 1st period - Slapshot by Eric Robinson.
4:08 of 1st period - Goal by Eric Robinson - Griffins : 1 - Firebirds : 1.
4:09 of 1st period - Dominic Turgeon wins face-off versus Pierre-Luc Dubois in neutral zone.
4:11 of 1st period - Ryan Pulock is hit by Pierre-Luc Dubois and loses puck.
4:20 of 1st period - Ian McCoshen is hit by Eric Robinson and loses puck.
4:35 of 1st period - Connor McMichael is hit by Matej Blumel and loses puck.
5:46 of 1st period - Slapshot by Nathan Walker.
5:46 of 1st period - Stopped by Cayden Primeau without a rebound.
5:47 of 1st period - Pierre-Luc Dubois wins face-off versus Connor McMichael in Firebirds zone.
5:47 of 1st period - Pierre-Luc Dubois is hit by Morgan Barron.
5:55 of 1st period - Snap shot by Eric Robinson.
5:55 of 1st period - Shot Blocked by Mathieu Brodeur.
6:48 of 1st period - Snap shot by Sonny Milano.
6:48 of 1st period - Stopped by Cayden Primeau with a rebound.
7:06 of 1st period - Wrist shot by Nils Hoglander.
7:06 of 1st period - Stopped by Cayden Primeau without a rebound.
7:07 of 1st period - Dominic Turgeon wins face-off versus Pierre-Luc Dubois in Firebirds zone.
7:20 of 1st period - Slapshot by Eric Robinson.
7:20 of 1st period - Shot Misses the Net.
7:22 of 1st period - Wrist shot by Charlie McAvoy.
7:22 of 1st period - Shot Misses the Net.
7:44 of 1st period - Snap shot by Garret Pilon.
7:44 of 1st period - Stopped by Adam Werner without a rebound.
7:45 of 1st period - Tanner Richard wins face-off versus Christoffer Ehn in Griffins zone.
8:20 of 1st period - Snap shot by Morgan Barron.
8:20 of 1st period - Shot Blocked by Jacob Middleton.
8:36 of 1st period - Slapshot by Garret Pilon.
8:36 of 1st period - Stopped by Adam Werner without a rebound.
8:37 of 1st period - Viktor Lodin wins face-off versus Garret Pilon in Griffins zone.
9:06 of 1st period - Backhand shot by Robert Thomas.
9:06 of 1st period - Shot Blocked by Thomas Spelling.
9:08 of 1st period - Snap shot by Christoffer Ehn.
9:08 of 1st period - Shot Misses the Net.
9:10 of 1st period - Wrist shot by Robert Thomas.
9:10 of 1st period - Stopped by Cayden Primeau without a rebound.
9:11 of 1st period - Nathan Walker wins face-off versus Pierre-Luc Dubois in Firebirds zone.
9:16 of 1st period - Wrist shot by Dominic Turgeon.
9:16 of 1st period - Goal by Dominic Turgeon - Griffins : 2 - Firebirds : 1.
9:17 of 1st period - Pierre-Luc Dubois wins face-off versus Christoffer Ehn in neutral zone.
9:49 of 1st period - Snap shot by Tanner Richard.
9:49 of 1st period - Stopped by Adam Werner without a rebound.
9:50 of 1st period - Thomas Spelling wins face-off versus Dominic Turgeon in Griffins zone.
10:27 of 1st period - Wrist shot by Hayden Hodgson.
10:27 of 1st period - Deflect By Thomas Spelling.
10:27 of 1st period - Goal by Thomas Spelling - Griffins : 2 - Firebirds : 2.
10:28 of 1st period - Pierre-Luc Dubois wins face-off versus Connor McMichael in neutral zone.
10:57 of 1st period - Mathieu Brodeur is hit by Eric Robinson and loses puck.
11:18 of 1st period - Wrist shot by Eric Robinson.
11:18 of 1st period - Deflect By Pierre-Luc Dubois.
11:18 of 1st period - Stopped by Adam Werner with a rebound.
11:20 of 1st period - Slapshot by Charlie McAvoy.
11:20 of 1st period - Stopped by Adam Werner without a rebound.
11:21 of 1st period - Dominic Turgeon wins face-off versus Tanner Richard in Griffins zone.
11:46 of 1st period - Ian McCoshen is hit by Jasper Weatherby and loses puck.
12:09 of 1st period - Wrist shot by Fredrik Olofsson.
12:09 of 1st period - Stopped by Adam Werner with a rebound.
12:41 of 1st period - Wrist shot by Robert Thomas.
12:41 of 1st period - Stopped by Cayden Primeau with a rebound.
13:38 of 1st period - Snap shot by Eric Robinson.
13:38 of 1st period - Shot Blocked by Viktor Lodin.
14:02 of 1st period - Wrist shot by Viktor Lodin.
14:02 of 1st period - Shot Misses the Net.
14:16 of 1st period - Minor Penalty to Viktor Lodin for Tripping.
14:17 of 1st period - Tanner Richard wins face-off versus Dominic Turgeon in Griffins zone.
14:18 of 1st period - Slapshot by Thomas Spelling.
14:18 of 1st period - Goal by Thomas Spelling - Griffins : 2 - Firebirds : 3.
14:19 of 1st period - Christoffer Ehn wins face-off versus Hayden Hodgson in neutral zone.
14:40 of 1st period - Minor Penalty to Ian McCoshen for Delaying the game.
14:41 of 1st period - Tanner Richard wins face-off versus Dominic Turgeon in Griffins zone.
16:40 of 1st period - Penalty to Ian McCoshen is over, Ian McCoshen is back on ice.
16:45 of 1st period - Victor Mete is hit by Christoffer Ehn and loses puck.
17:22 of 1st period - Fredrik Olofsson is hit by Dominic Turgeon and loses puck.
18:02 of 1st period - Jakub Zboril is hit by Samuel Poulin.
18:19 of 1st period - Wrist shot by Dominic Turgeon.
18:19 of 1st period - Stopped by Cayden Primeau with a rebound.
18:33 of 1st period - Slapshot by Wade Allison.
18:33 of 1st period - Shot Misses the Net.
18:35 of 1st period - Wrist shot by Wade Allison.
18:35 of 1st period - Shot Blocked by Christoffer Ehn.
18:37 of 1st period - Snap shot by Wade Allison.
18:37 of 1st period - Stopped by Adam Werner with a rebound.
18:47 of 1st period - Wrist shot by Morgan Geekie.
18:47 of 1st period - Stopped by Cayden Primeau with a rebound.
18:49 of 1st period - Wrist shot by Morgan Barron.
18:49 of 1st period - Stopped by Cayden Primeau without a rebound.
18:50 of 1st period - Connor McMichael wins face-off versus Garret Pilon in Firebirds zone.
19:17 of 1st period - Snap shot by Tanner Richard.
19:17 of 1st period - Shot Misses the Net.
19:19 of 1st period - Snap shot by Tanner Richard.
19:19 of 1st period - Shot Blocked by Sebastian Ahaut.
19:33 of 1st period - Slapshot by Ian McCoshen.
19:33 of 1st period - Shot Blocked by John Ludvig.
19:33 of 1st period - John Ludvig from Firebirds is injured at 19:33 of 1st period (Torso).
19:34 of 1st period - Tanner Richard wins face-off versus Christoffer Ehn in Firebirds zone.
19:39 of 1st period - Slapshot by Sonny Milano.
19:39 of 1st period - Deflect By Christoffer Ehn.
19:39 of 1st period - Goal by Christoffer Ehn - Griffins : 3 - Firebirds : 3.
19:40 of 1st period - Christoffer Ehn wins face-off versus Tanner Richard in neutral zone.
Goals for this period are 3 for Griffins vs 3 for Firebirds.
Shots for this period are 12 for Griffins vs 10 for Firebirds.

2nd period


0:01 of 2nd period - Tanner Richard wins face-off versus Sonny Milano in neutral zone.
0:18 of 2nd period - Charlie McAvoy is hit by Christoffer Ehn and loses puck.
0:35 of 2nd period - Snap shot by Pierre-Luc Dubois.
0:35 of 2nd period - Shot Misses the Net.
0:57 of 2nd period - Charlie McAvoy is hit by Mathieu Brodeur and loses puck.
1:58 of 2nd period - Wrist shot by Eric Robinson.
1:58 of 2nd period - Shot Blocked by Sebastian Ahaut.
2:05 of 2nd period - Icing by Mathieu Brodeur.
2:06 of 2nd period - Tanner Richard wins face-off versus Dominic Turgeon in Griffins zone.
2:20 of 2nd period - Wrist shot by Nathan Walker.
2:20 of 2nd period - Shot Misses the Net.
2:22 of 2nd period - Wrist shot by Brendan Leipsic.
2:22 of 2nd period - Shot Blocked by Matthew Kiersted.
2:24 of 2nd period - Snap shot by Brendan Leipsic.
2:24 of 2nd period - Shot Misses the Net.
2:26 of 2nd period - Slapshot by Dominic Turgeon.
2:26 of 2nd period - Shot Misses the Net.
2:28 of 2nd period - Slapshot by Brendan Leipsic.
2:28 of 2nd period - Goal by Brendan Leipsic - Griffins : 4 - Firebirds : 3.
2:29 of 2nd period - Tanner Richard wins face-off versus Christoffer Ehn in neutral zone.
2:38 of 2nd period - Wrist shot by Sonny Milano.
2:38 of 2nd period - Stopped by Cayden Primeau with a rebound.
3:22 of 2nd period - Snap shot by Jonah Gadjovich.
3:22 of 2nd period - Stopped by Adam Werner without a rebound.
3:23 of 2nd period - Christoffer Ehn wins face-off versus Jasper Weatherby in Griffins zone.
3:28 of 2nd period - Snap shot by Sonny Milano.
3:28 of 2nd period - Stopped by Cayden Primeau with a rebound.
3:36 of 2nd period - Wrist shot by Sonny Milano.
3:36 of 2nd period - Shot Misses the Net.
4:40 of 2nd period - Wrist shot by Viktor Lodin.
4:40 of 2nd period - Deflect By Nils Hoglander.
4:40 of 2nd period - Stopped by Cayden Primeau with a rebound.
5:29 of 2nd period - Slapshot by Charlie McAvoy.
5:29 of 2nd period - Deflect By Morgan Geekie.
5:29 of 2nd period - Stopped by Adam Werner with a rebound.
5:37 of 2nd period - Wrist shot by Morgan Geekie.
5:37 of 2nd period - Stopped by Cayden Primeau with a rebound.
5:43 of 2nd period - Backhand shot by Morgan Barron.
5:43 of 2nd period - Shot Misses the Net.
7:01 of 2nd period - Morgan Geekie is hit by Victor Mete and loses puck.
8:31 of 2nd period - Snap shot by Morgan Geekie.
8:31 of 2nd period - Stopped by Cayden Primeau with a rebound.
8:33 of 2nd period - Slapshot by Ian McCoshen.
8:33 of 2nd period - Deflect By Morgan Barron.
8:33 of 2nd period - Shot Misses the Net.
8:33 of 2nd period - Puck is out of play.
8:34 of 2nd period - Christoffer Ehn wins face-off versus Tanner Richard in Firebirds zone.
8:39 of 2nd period - Wrist shot by Sonny Milano.
8:39 of 2nd period - Shot Misses the Net.
8:41 of 2nd period - Wrist shot by Robert Thomas.
8:41 of 2nd period - Stopped by Cayden Primeau with a rebound.
8:43 of 2nd period - Snap shot by Sonny Milano.
8:43 of 2nd period - Stopped by Cayden Primeau with a rebound.
8:45 of 2nd period - Slapshot by Tyler Lewington.
8:45 of 2nd period - Stopped by Cayden Primeau with a rebound.
8:47 of 2nd period - Backhand shot by Tyler Lewington.
8:47 of 2nd period - Shot Misses the Net.
8:49 of 2nd period - Slapshot by Philip Broberg.
8:49 of 2nd period - Deflect By Hayden Hodgson.
8:49 of 2nd period - Stopped by Cayden Primeau with a rebound.
8:51 of 2nd period - Slapshot by Christoffer Ehn.
8:51 of 2nd period - Stopped by Cayden Primeau with a rebound.
9:01 of 2nd period - Jakub Zboril is hit by Nathan Walker and loses puck.
9:24 of 2nd period - Wrist shot by Jonah Gadjovich.
9:24 of 2nd period - Stopped by Adam Werner with a rebound.
9:26 of 2nd period - Slapshot by Matthew Kiersted.
9:26 of 2nd period - Stopped by Adam Werner with a rebound.
9:28 of 2nd period - Snap shot by Matej Blumel.
9:28 of 2nd period - Shot Misses the Net.
9:30 of 2nd period - Wrist shot by Jasper Weatherby.
9:30 of 2nd period - Stopped by Adam Werner without a rebound.
9:31 of 2nd period - Christoffer Ehn wins face-off versus Tanner Richard in Griffins zone.
9:42 of 2nd period - Wrist shot by Christoffer Ehn.
9:42 of 2nd period - Shot Blocked by Jakub Zboril.
9:44 of 2nd period - Slapshot by Philip Broberg.
9:44 of 2nd period - Stopped by Cayden Primeau with a rebound.
9:46 of 2nd period - Wrist shot by Robert Thomas.
9:46 of 2nd period - Shot Misses the Net.
9:48 of 2nd period - Snap shot by Philip Broberg.
9:48 of 2nd period - Stopped by Cayden Primeau without a rebound.
9:49 of 2nd period - Pierre-Luc Dubois wins face-off versus Dominic Turgeon in Firebirds zone.
10:07 of 2nd period - Mathieu Brodeur is hit by Pierre-Luc Dubois and loses puck.
10:26 of 2nd period - Christoffer Ehn is hit by Hayden Hodgson and loses puck.
10:59 of 2nd period - Wrist shot by Pierre-Luc Dubois.
10:59 of 2nd period - Stopped by Adam Werner without a rebound.
11:00 of 2nd period - Dominic Turgeon wins face-off versus Pierre-Luc Dubois in Griffins zone.
11:26 of 2nd period - Pierre-Luc Dubois is hit by Sebastian Ahaut and loses puck.
11:39 of 2nd period - Slapshot by Nathan Walker.
11:39 of 2nd period - Goal by Nathan Walker - Griffins : 5 - Firebirds : 3.
11:40 of 2nd period - Tanner Richard wins face-off versus Christoffer Ehn in neutral zone.
12:13 of 2nd period - Slapshot by Jasper Weatherby.
12:13 of 2nd period - Shot Misses the Net.
12:15 of 2nd period - Snap shot by Jonah Gadjovich.
12:15 of 2nd period - Deflect By Matej Blumel.
12:15 of 2nd period - Shot Blocked by Philip Broberg.
12:15 of 2nd period - Puck is out of play.
12:16 of 2nd period - Dominic Turgeon wins face-off versus Pierre-Luc Dubois in Griffins zone.
14:04 of 2nd period - Tyler Lewington is hit by Charlie McAvoy and loses puck.
14:32 of 2nd period - Off-side.
14:33 of 2nd period - Garret Pilon wins face-off versus Christoffer Ehn in neutral zone.
14:37 of 2nd period - Off-side.
14:38 of 2nd period - Christoffer Ehn wins face-off versus Garret Pilon in neutral zone.
14:52 of 2nd period - Wrist shot by Garret Pilon.
14:52 of 2nd period - Shot Misses the Net.
14:54 of 2nd period - Slapshot by Jakub Zboril.
14:54 of 2nd period - Shot Blocked by Mathieu Brodeur.
14:56 of 2nd period - Slapshot by Jacob Middleton.
14:56 of 2nd period - Deflect By Sonny Milano.
14:56 of 2nd period - Stopped by Adam Werner without a rebound.
14:57 of 2nd period - Dominic Turgeon wins face-off versus Tanner Richard in Griffins zone.
15:49 of 2nd period - Snap shot by Pierre-Luc Dubois.
15:49 of 2nd period - Stopped by Adam Werner without a rebound.
15:50 of 2nd period - Pierre-Luc Dubois wins face-off versus Christoffer Ehn in Griffins zone.
16:03 of 2nd period - Slapshot by Victor Mete.
16:03 of 2nd period - Shot Misses the Net.
16:05 of 2nd period - Slapshot by Victor Mete.
16:05 of 2nd period - Shot Misses the Net.
16:19 of 2nd period - Slapshot by Nathan Walker.
16:19 of 2nd period - Shot Blocked by Charlie McAvoy.
16:21 of 2nd period - Slapshot by Ryan Pulock.
16:21 of 2nd period - Shot Blocked by Charlie McAvoy.
16:23 of 2nd period - Slapshot by Ian McCoshen.
16:23 of 2nd period - Stopped by Cayden Primeau with a rebound.
16:25 of 2nd period - Snap shot by Dominic Turgeon.
16:25 of 2nd period - Shot Misses the Net.
17:18 of 2nd period - Brycen Martin is hit by Thomas Spelling and loses puck.
17:25 of 2nd period - Wrist shot by Tanner Richard.
17:25 of 2nd period - Stopped by Adam Werner with a rebound.
18:09 of 2nd period - Wrist shot by Matthew Kiersted.
18:09 of 2nd period - Stopped by Adam Werner with a rebound.
18:11 of 2nd period - Slapshot by Jakub Zboril.
18:11 of 2nd period - Shot Blocked by Ian McCoshen.
18:25 of 2nd period - Wrist shot by Eric Robinson.
18:25 of 2nd period - Stopped by Adam Werner with a rebound.
18:33 of 2nd period - Pierre-Luc Dubois is hit by Connor McMichael and loses puck.
19:30 of 2nd period - Snap shot by Tyler Lewington.
19:30 of 2nd period - Deflect By Viktor Lodin.
19:30 of 2nd period - Shot Hit the Post.
19:30 of 2nd period - Puck is out of play.
19:31 of 2nd period - Garret Pilon wins face-off versus Nils Hoglander in Firebirds zone.
19:37 of 2nd period - Minor Penalty to Samuel Poulin for Diving.
19:38 of 2nd period - Dominic Turgeon wins face-off versus Tanner Richard in Griffins zone.
19:49 of 2nd period - Snap shot by Thomas Spelling.
19:49 of 2nd period - Shot Misses the Net.
Goals for this period are 2 for Griffins vs 0 for Firebirds.
Shots for this period are 15 for Griffins vs 11 for Firebirds.

3rd period


0:01 of 3rd period - Tanner Richard wins face-off versus Dominic Turgeon in neutral zone.
0:10 of 3rd period - Wrist shot by Tanner Richard.
0:10 of 3rd period - Shot Misses the Net.
0:12 of 3rd period - Slapshot by Charlie McAvoy.
0:12 of 3rd period - Shot Blocked by Ryan Pulock.
0:14 of 3rd period - Wrist shot by Thomas Spelling.
0:14 of 3rd period - Goal by Thomas Spelling - Griffins : 5 - Firebirds : 4.
0:15 of 3rd period - Christoffer Ehn wins face-off versus Tanner Richard in neutral zone.
0:20 of 3rd period - Sonny Milano is hit by Charlie McAvoy and loses puck.
1:02 of 3rd period - Off-side.
1:03 of 3rd period - Garret Pilon wins face-off versus Connor McMichael in neutral zone.
1:03 of 3rd period - Garret Pilon is hit by Ian McCoshen.
1:07 of 3rd period - Connor McMichael is hit by Jakub Zboril and loses puck.
1:36 of 3rd period - Ian McCoshen is hit by Hayden Hodgson.
1:50 of 3rd period - Pierre-Luc Dubois is hit by Nathan Walker and loses puck.
1:57 of 3rd period - Snap shot by Dominic Turgeon.
1:57 of 3rd period - Stopped by Cayden Primeau with a rebound.
1:59 of 3rd period - Slapshot by Ian McCoshen.
1:59 of 3rd period - Stopped by Cayden Primeau with a rebound.
2:01 of 3rd period - Snap shot by Dominic Turgeon.
2:01 of 3rd period - Goal by Dominic Turgeon - Griffins : 6 - Firebirds : 4.
2:02 of 3rd period - Christoffer Ehn wins face-off versus Tanner Richard in neutral zone.
2:09 of 3rd period - Wrist shot by Sonny Milano.
2:09 of 3rd period - Stopped by Cayden Primeau without a rebound.
2:10 of 3rd period - Tanner Richard wins face-off versus Christoffer Ehn in Firebirds zone.
2:15 of 3rd period - Snap shot by Tanner Richard.
2:15 of 3rd period - Shot Misses the Net.
2:17 of 3rd period - Wrist shot by Tanner Richard.
2:17 of 3rd period - Stopped by Adam Werner without a rebound.
2:18 of 3rd period - Tanner Richard wins face-off versus Robert Thomas in Griffins zone.
2:19 of 3rd period - Wrist shot by Hayden Hodgson.
2:19 of 3rd period - Stopped by Adam Werner with a rebound.
2:25 of 3rd period - Sonny Milano is hit by Hayden Hodgson and loses puck.
4:29 of 3rd period - Slapshot by Tyler Lewington.
4:29 of 3rd period - Shot Misses the Net.
4:33 of 3rd period - Slapshot by Nils Hoglander.
4:33 of 3rd period - Stopped by Cayden Primeau without a rebound.
4:34 of 3rd period - Viktor Lodin wins face-off versus Garret Pilon in Firebirds zone.
5:16 of 3rd period - Snap shot by Garret Pilon.
5:16 of 3rd period - Stopped by Adam Werner without a rebound.
5:17 of 3rd period - Robert Thomas wins face-off versus Tanner Richard in Griffins zone.
5:22 of 3rd period - Ryan Pulock is hit by Hayden Hodgson and loses puck.
5:52 of 3rd period - Ryan Pulock is hit by Tanner Richard and loses puck.
6:04 of 3rd period - Morgan Barron is hit by Tanner Richard.
6:20 of 3rd period - Wrist shot by Thomas Spelling.
6:20 of 3rd period - Shot Misses the Net.
6:22 of 3rd period - Slapshot by Jakub Zboril.
6:22 of 3rd period - Shot Misses the Net.
6:24 of 3rd period - Wrist shot by Hayden Hodgson.
6:24 of 3rd period - Goal by Hayden Hodgson - Griffins : 6 - Firebirds : 5.
6:25 of 3rd period - Robert Thomas wins face-off versus Pierre-Luc Dubois in neutral zone.
6:30 of 3rd period - Slapshot by Tyler Lewington.
6:30 of 3rd period - Stopped by Cayden Primeau with a rebound.
6:38 of 3rd period - Snap shot by Robert Thomas.
6:38 of 3rd period - Deflect By Sonny Milano.
6:38 of 3rd period - Shot Misses the Net.
6:38 of 3rd period - Puck is out of play.
6:39 of 3rd period - Christoffer Ehn wins face-off versus Pierre-Luc Dubois in Firebirds zone.
6:40 of 3rd period - Snap shot by Sonny Milano.
6:40 of 3rd period - Stopped by Cayden Primeau with a rebound.
7:33 of 3rd period - Jakub Zboril is hit by Mathieu Brodeur and loses puck.
7:42 of 3rd period - Minor Penalty to Morgan Barron for High sticking.
7:43 of 3rd period - Tanner Richard wins face-off versus Dominic Turgeon in Griffins zone.
7:44 of 3rd period - Snap shot by Hayden Hodgson.
7:44 of 3rd period - Shot Blocked by Mathieu Brodeur.
7:46 of 3rd period - Slapshot by Charlie McAvoy.
7:46 of 3rd period - Stopped by Adam Werner without a rebound.
7:47 of 3rd period - Tanner Richard wins face-off versus Dominic Turgeon in Griffins zone.
7:52 of 3rd period - Wrist shot by Thomas Spelling.
7:52 of 3rd period - Shot Misses the Net.
7:56 of 3rd period - Snap shot by Tanner Richard.
7:56 of 3rd period - Goal by Tanner Richard - Griffins : 6 - Firebirds : 6.
7:57 of 3rd period - Christoffer Ehn wins face-off versus Tanner Richard in neutral zone.
8:10 of 3rd period - Christoffer Ehn is hit by Thomas Spelling and loses puck.
8:25 of 3rd period - Snap shot by Pierre-Luc Dubois.
8:25 of 3rd period - Shot Blocked by Ian McCoshen.
8:27 of 3rd period - Snap shot by Pierre-Luc Dubois.
8:27 of 3rd period - Shot Misses the Net.
8:29 of 3rd period - Backhand shot by Wade Allison.
8:29 of 3rd period - Shot Misses the Net.
8:31 of 3rd period - Slapshot by Victor Mete.
8:31 of 3rd period - Shot Misses the Net.
8:33 of 3rd period - Snap shot by Charlie McAvoy.
8:33 of 3rd period - Shot Blocked by Ryan Pulock.
9:05 of 3rd period - Nils Hoglander is hit by Jakub Zboril and loses puck.
9:11 of 3rd period - Off-side.
9:12 of 3rd period - Tanner Richard wins face-off versus Christoffer Ehn in neutral zone.
10:20 of 3rd period - Minor Penalty to Jasper Weatherby for Cross-checking.
10:21 of 3rd period - Robert Thomas wins face-off versus Pierre-Luc Dubois in Firebirds zone.
10:52 of 3rd period - Wrist shot by Ian McCoshen.
10:52 of 3rd period - Shot Blocked by Charlie McAvoy.
10:54 of 3rd period - Snap shot by Morgan Barron.
10:54 of 3rd period - Griffins goal is going for a video replay.
10:54 of 3rd period - The goal is refused. The attacking player has interfered with a goalkeeper in his goal crease..
10:55 of 3rd period - Pierre-Luc Dubois wins face-off versus Christoffer Ehn in Firebirds zone.
11:25 of 3rd period - Off-side.
11:26 of 3rd period - Pierre-Luc Dubois wins face-off versus Robert Thomas in neutral zone.
11:29 of 3rd period - Sonny Milano is hit by Pierre-Luc Dubois and loses puck.
11:56 of 3rd period - Morgan Barron is hit by Hayden Hodgson and loses puck.
12:20 of 3rd period - Penalty to Jasper Weatherby is over, Jasper Weatherby is back on ice.
12:53 of 3rd period - Slapshot by Charlie McAvoy.
12:53 of 3rd period - Stopped by Adam Werner with a rebound.
12:55 of 3rd period - Slapshot by Charlie McAvoy.
12:55 of 3rd period - Deflect By Nathan Walker.
12:55 of 3rd period - Stopped by Adam Werner without a rebound.
12:56 of 3rd period - Hayden Hodgson wins face-off versus Samuel Poulin in Griffins zone.
12:57 of 3rd period - Wrist shot by Tanner Richard.
12:57 of 3rd period - Stopped by Adam Werner without a rebound.
12:58 of 3rd period - Tanner Richard wins face-off versus Viktor Lodin in Griffins zone.
13:12 of 3rd period - Off-side.
13:13 of 3rd period - Morgan Barron wins face-off versus Pierre-Luc Dubois in neutral zone.
13:40 of 3rd period - Ryan Pulock is hit by Hayden Hodgson and loses puck.
14:08 of 3rd period - Slapshot by Fredrik Olofsson.
14:08 of 3rd period - Stopped by Adam Werner with a rebound.
14:28 of 3rd period - Wrist shot by Viktor Lodin.
14:28 of 3rd period - Stopped by Cayden Primeau without a rebound.
14:29 of 3rd period - Christoffer Ehn wins face-off versus Tanner Richard in Firebirds zone.
14:38 of 3rd period - Wrist shot by Sonny Milano.
14:38 of 3rd period - Shot Misses the Net.
14:45 of 3rd period - Off-side.
14:46 of 3rd period - Dominic Turgeon wins face-off versus Pierre-Luc Dubois in neutral zone.
14:48 of 3rd period - Minor Penalty to Brendan Leipsic for Holding.
14:49 of 3rd period - Dominic Turgeon wins face-off versus Tanner Richard in Griffins zone.
16:48 of 3rd period - Penalty to Brendan Leipsic is over, Brendan Leipsic is back on ice.
18:36 of 3rd period - Icing by Mathieu Brodeur.
18:37 of 3rd period - Christoffer Ehn wins face-off versus Jasper Weatherby in Griffins zone.
18:43 of 3rd period - Minor Penalty to Brendan Leipsic for Slashing.
18:44 of 3rd period - Tanner Richard wins face-off versus Dominic Turgeon in Griffins zone.
18:49 of 3rd period - Snap shot by Tanner Richard.
18:49 of 3rd period - Shot Misses the Net.
18:51 of 3rd period - Slapshot by Victor Mete.
18:51 of 3rd period - Shot Blocked by Morgan Geekie.
18:53 of 3rd period - Slapshot by Charlie McAvoy.
18:53 of 3rd period - Deflect By Thomas Spelling.
18:53 of 3rd period - Stopped by Adam Werner with a rebound.
18:55 of 3rd period - Slapshot by Victor Mete.
18:55 of 3rd period - Shot Misses the Net.
Goals for this period are 1 for Griffins vs 3 for Firebirds.
Shots for this period are 9 for Griffins vs 12 for Firebirds.

Overtime #1


0:01 of 1st overtime period - Dominic Turgeon wins face-off versus Pierre-Luc Dubois in neutral zone.
0:16 of 1st overtime period - Snap shot by Hayden Hodgson.
0:16 of 1st overtime period - Goal by Hayden Hodgson - Griffins : 6 - Firebirds : 7.
Goals for this period are 0 for Griffins vs 1 for Firebirds.
Shots for this period are 0 for Griffins vs 1 for Firebirds.